 Dungeon Crawl Stone Soup version 0.29-a0-664-gff9cad4a3d (webtiles) character file.

Game seed: 17474044974566561619

4 DocClef the Skirmisher (level 1, 0/12 HPs)
             Began as a Vine Stalker Fighter on June 22, 2022.
             Slain by a hobgoblin (2 damage)
             ... on level 1 of the Dungeon.
             The game lasted 00:00:07 (30 turns).

DocClef the Skirmisher (Vine Stalker Fighter)         Turns: 30, Time: 00:00:07

Health: 0/12       AC:  6    Str: 18    XL:     1   Next: 70%
Magic:  0/2        EV:  9    Int:  8    God:
Gold:   0          SH:  4    Dex: 13    Spells: 0/0 levels left

rFire   . . .      SeeInvis .   a - +0 flail
rCold   . . .      Faith    .   c - +0 buckler
rNeg    . . .      Spirit   +   b - +0 scale mail
rPois   .          Reflect  .   (no helmet)
rElec   .          Harm     .   (no cloak)
rCorr   .          Rampage  .   (no gloves)
Will    .....                   (no boots)
Stlth   ..........              (no amulet)
HPRegen 0.04/turn               (no ring)
MPRegen 0.08/turn               (no ring)

@: no status effects
A: fangs 2, magic shield, antimagic bite, no potion heal 2
a: no special abilities


You were on level 1 of the Dungeon.
You visited 1 branch of the dungeon, and saw 1 of its levels.

Inventory:

Hand Weapons
 a - a +0 flail (weapon)
Armour
 b - a +0 scale mail (worn)
 c - a +0 buckler (worn)
Potions
 d - a potion of might


   Skills:
 + Level 3.0 Fighting
 - Level 1.7 Maces & Flails
 - Level 2.4 Armour
 - Level 2.6 Shields


You couldn't memorise any spells.
You didn't know any spells.
Your spell library was empty.

Dungeon Overview and Level Annotations

Branches:
Dungeon (1/15)

Altars:


Innate Abilities, Weirdness & Mutations

You have extremely sharp teeth.
When hurt, damage is shared between your health and your magic reserves.
Your bite disrupts and absorbs the magic of your enemies.
Potions cannot restore your health.


Message History

The goblin closely misses you.
You hit the rat.
You kill the rat!
The goblin hits you but does no damage.
A goblin comes into view. It is wielding a +0 club.
You hit the goblin but do no damage. You bite the goblin.
You kill the goblin!
You barely miss the hobgoblin. The goblin barely misses you.
The hobgoblin barely misses you. The hobgoblin hits you.
A goblin comes into view. It is wielding a +0 club.
The goblin barely misses you.
Unknown command.
You barely miss the hobgoblin.
The goblin shouts!
You block the goblin's attack. The hobgoblin closely misses you.
You closely miss the rat. Your bite misses the rat.
A giant cockroach comes into view.
The rat bites you. The hobgoblin barely misses you.
The goblin hits you with a +0 club. You block the rat's attack.
The hobgoblin hits you but does no damage.
The goblin hits you but does no damage.
You are too injured to fight recklessly!
You are too injured to fight recklessly!
You thump the goblin!
You kill the goblin!
The rat bites you but does no damage.
Your Fighting skill increases to level 3!
The rat attacks as you move away! The rat bites you.
* * * LOW HITPOINT WARNING * * *
The hobgoblin barely misses you.
You see here a +0 club.
The rat attacks as you move away! The rat bites you but does no damage.
The hobgoblin attacks as you move away!
The hobgoblin hits you but does no damage.
A ball python comes into view.
The rat attacks as you move away! The rat bites you but does no damage.
The hobgoblin attacks as you move away! The hobgoblin hits you.
* * * LOW HITPOINT WARNING * * *
The hobgoblin attacks as you move away! The hobgoblin hits you.
You die...

....#.####.# .........#.#
....##...B.# ....?..†#)#
.........g###
###########..g)..#
###P#P#P#P#P#......#
#..............rg..#.#.
#<..PP.........@?.......
#.......................
###P#P#P#P#P#.......S....
###########......#.#...
.......#.#... ..>.?...#.#
.. ..##...... ##.
........


You could see a giant cockroach, a hobgoblin, 2 goblins, a ball python and a
rat.

Vanquished Creatures
  2 goblins (D:1)
  A hobgoblin (D:1)
  A rat (D:1)
4 creatures vanquished.

Notes
Turn   | Place    | Note
-------+----------+-------------------------------------------
     0 | D:1      | DocClef the Vine Stalker Fighter began the quest for the
                  | Orb.
     0 | D:1      | Reached XP level 1. HP: 11/11 MP: 2/2
    26 | D:1      | Reached skill level 3 in Fighting
    30 | D:1      | Slain by a hobgoblin

Illustrated notes

Levels and vault maps discovered:
D:1:      minmay_arrival_plants_in_alcoves, layout_rooms,
          dreamdust_ecumenical_altar_hidden_monk_grotto, st_stairs_10,
          minmay_split_cup_large

Skill      XL: |  1 |
---------------+----+-----
Fighting       | 3 |  3.0
Maces & Flails | |  1.7
Armour         | |  2.4
Shields        | |  2.6

Action                   || total
-------------------------++-------
Melee: Flail             ||    12
       Bite              ||     2
Armor: Scale mail        ||    10
Dodge: Dodged            ||     9
Block: Buckler           ||     2

Table legend: (Time is in decaauts)
 A = Elapsed time spent in this place.
 B = Non-inter-level travel time spent in this place.
 C = Inter-level travel time spent in this place.
 D = Time resting spent in this place.
 E = Time spent auto-exploring this place.
 F = Levels seen in this place.
 G = Mean time per level.
                   A        B        C        D        E       F      G
               +--------+--------+--------+--------+--------+-----+--------+
         Total |     34 |     34 |      0 |      0 |      9 |   1 |   34.0 |
       Dungeon |     34 |     34 |      0 |      0 |      9 |   1 |   34.0 |
               +--------+--------+--------+--------+--------+-----+--------+

Top non-repeatable levels by time:
     D:1: 34 daAuts
